 Dungeon Crawl Stone Soup version 0.30-a0-329-g85436e0a43 (webtiles) character file.

Game seed: 9733798819819991490

99 lunkers the Cutter (level 5, -2/40 HPs)
             Began as a Meteoran Wanderer on Oct 28, 2022.
             Splashed by a jelly's acid (5 damage)
             ... on level 4 of the Dungeon.
             The game lasted 00:03:10 (1108 turns).

lunkers the Cutter (Meteoran Wanderer)              Turns: 1108, Time: 00:03:11

Health: -2/40      AC: -3    Str: 12    XL:     5   Next: 23%
Magic:  10/10      EV: 11    Int: 12    God:
Gold:   52         SH:  0    Dex: 18    Spells: 8/9 levels left

rFire   . . .      SeeInvis .    a - +2 falchion
rCold   . . .      Faith    .    (no shield)
rNeg    . . .      Spirit   .    e - +0 leather armour
rPois   .          Reflect  .    r - +0 helmet
rElec   .          Harm     .    (no cloak)
rCorr   .          Rampage  .    c - +0 pair of gloves
Will    .....                    (no boots)
Stlth   +.........               (no amulet)
HPRegen 0.26/turn                (no ring)
MPRegen 0.12/turn                (no ring)

@: corroded, glowing
A: sense surroundings 1, otherworldly, glowing, explore regen
a: no special abilities


You were on level 4 of the Dungeon.
You visited 1 branch of the dungeon, and saw 4 of its levels.

You collected 52 gold pieces.

Inventory:

Hand Weapons
 a - a +2 falchion (weapon)
 d - a +0 short sword of venom
 h - a +1 short sword of protection
Missiles
 b - 8 boomerangs
Armour
 c - a +0 pair of gloves (worn)
 e - a +0 leather armour (worn)
 r - a +0 helmet (worn)
Jewellery
 q - a ring of fire
Scrolls
 f - a scroll of poison {unknown}
 j - 2 scrolls of butterflies {unknown}
 l - a scroll of identify {unknown}
 o - a scroll of blinking {unknown}
 p - a scroll of vulnerability {unknown}
Potions
 g - a potion of cancellation {unknown}
 i - a potion of haste
 k - a potion of curing
 m - a potion of heal wounds {unknown}
 n - a potion of berserk rage {unknown}


   Skills:
 - Level 1.1 Fighting
 + Level 4.4(5.0) Short Blades
 - Level 3.8(5.0) Long Blades
 - Level 1.2 Throwing
 - Level 1.2 Dodging
 - Level 1.0 Stealth
 - Level 2.6 Spellcasting
 - Level 1.1 Ice Magic


You had 8 spell levels left.
You knew the following spells:

 Your Spells              Type           Power      Damage    Failure   Level
p - Freeze                Ice            16%        1d4       21%         1

Your spell library contained the following spells:

 Spells                   Type           Power      Damage    Failure   Level
 Blink                    Tloc           2%         N/A       43%         2
 Ozocubu's Armour         Ice            4%         N/A       52%         3
 Manifold Assault         Tloc           1%         N/A       97%         4
 Storm Form               Tmut/Air       0%         N/A       100%        7


Dungeon Overview and Level Annotations

Branches:
Dungeon (4/15) Zot: 1338
 Temple: D:4-7

Altars:
Dithmenos


Innate Abilities, Weirdness & Mutations

You passively map a small area around you.
You are easily found by Zot.
You glow in the dark.
You regain HP and MP as you explore.


Message History

The endoplasm hits you but does no damage.
You hit the endoplasm but do no damage.
The endoplasm is lightly wounded.
The endoplasm barely misses you.
You hit the endoplasm but do no damage.
The endoplasm is lightly wounded.
You hit the endoplasm.
The endoplasm is severely wounded.
The endoplasm hits you but does no damage.
You barely miss the endoplasm.
The endoplasm is severely wounded.
The endoplasm closely misses you.
You hit the endoplasm but do no damage.
The endoplasm is severely wounded.
The endoplasm freezes you.
You are frozen.
* * * LOW HITPOINT WARNING * * *
You barely miss the endoplasm.
The endoplasm is severely wounded.
You hit the endoplasm.
You kill the endoplasm!
You hit the jelly. The acid corrodes you!
Your hands burn!
* * * LOW HITPOINT WARNING * * *
The jelly is moderately wounded.
The jelly barely misses you.
You aren't carrying any items that you can evoke.
Okay, then.
The jelly attacks as you move away! The jelly barely misses you.
Your +1 short sword of protection goes still.
a - a +2 falchion (weapon)
Unknown command.
You hit the jelly but do no damage.
Your hands burn!
* * * LOW HITPOINT WARNING * * *
The jelly is moderately wounded.
The jelly hits you.
* * * LOW HITPOINT WARNING * * *
You are splashed with acid!
* * * LOW HITPOINT WARNING * * *
You hit the jelly but do no damage.
Your hands burn!
You die...

#.......##########.......
#............... #....##.
########........ ###'###.
#........ #.......
#........ #....###
#........ #....#
#........ ###+##
########........ *
#.......@.......,, , , ,
#......J######### ,
#.......#.......#,
#.......'.......#
#.......#.......+ ,
#.......#.?.....# , ,
#.......#.......#
#.......#.......#
#.......#.......#


You could see a jelly.

Vanquished Creatures
  A hound (D:4)
  Robin (D:3)
  2 dart slugs
  2 orcs (D:3)
  An endoplasm (D:4)
  13 goblins
  4 hobgoblins
  3 jackals (D:3)
  7 kobolds
  2 quokkas
  4 ball pythons
  3 bats
  2 frilled lizards
45 creatures vanquished.

Vanquished Creatures (others)
  3 fungi (D:3)
3 creatures vanquished.

Grand Total: 48 creatures vanquished

Notes
Turn   | Place    | Note
-------+----------+-------------------------------------------
     0 | D:1      | lunkers the Meteoran Wanderer began the quest for the Orb.
     0 | D:1      | lunkers set off with the following items: a +2 falchion, 8
                  | boomerangs, a +0 dagger, a potion of might, a +0 leather
                  | armour; and the following spell memorised: Freeze; and the
                  | following spells available to memorise: Ozocubu's Armour.
     0 | D:1      | Reached XP level 1. HP: 16/16 MP: 5/5
   112 | D:1      | You fall into a shaft and drop 1 floor!
   181 | D:2      | Reached XP level 2. HP: 18/23 MP: 6/6
   185 | D:2      | Reached skill level 1 in Short Blades
   347 | D:3      | Reached skill level 2 in Short Blades
   453 | D:3      | Reached XP level 3. HP: 22/28 MP: 8/8
   495 | D:3      | Found a shadowy altar of Dithmenos.
   540 | D:3      | Noticed Robin
   560 | D:3      | Reached skill level 3 in Short Blades
   566 | D:3      | Killed Robin
   567 | D:3      | Reached XP level 4. HP: 5/35 MP: 9/9
   994 | D:4      | Reached skill level 4 in Short Blades
   994 | D:4      | Reached XP level 5. HP: 10/40 MP: 10/10
  1108 | D:4      | Splashed by a jelly's acid

Illustrated notes

Levels and vault maps discovered:
D:1:      dpeg_arrival_short_road, layout_basic, serial_shops, shop
D:2:      layout_rooms, moated_statue
D:3:      layout_basic, mainiacjoe_overflow_chevrons,
          chequers_serial_rivers_room_b, uniq_robin
D:4:      minmay_clustersquares, layout_gridville

Skill      XL: |  1  2  3  4 |
---------------+-------------+-----
Short Blades   | 2 3 4 |  4.4
Fighting       | |  1.1
Long Blades    | |  3.8
Throwing       | |  1.2
Dodging        | |  1.2
Stealth        | |  1.0
Spellcasting   | |  2.6
Ice Magic      | |  1.1

Action                   |  1- 3 |  4- 6 || total
-------------------------+-------+-------++-------
Melee: Short sword       |    77 |    80 ||   157
       Falchion          |     3 |     2 ||     5
       Punch             |       |     1 ||     1
  Use: Potion            |     1 |     2 ||     3
Armor: Leather armour    |    40 |    38 ||    78
Dodge: Dodged            |    33 |    35 ||    68

Table legend: (Time is in decaauts)
 A = Elapsed time spent in this place.
 B = Non-inter-level travel time spent in this place.
 C = Inter-level travel time spent in this place.
 D = Time resting spent in this place.
 E = Time spent auto-exploring this place.
 F = Levels seen in this place.
 G = Mean time per level.
                   A        B        C        D        E       F      G
               +--------+--------+--------+--------+--------+-----+--------+
         Total |   1061 |   1028 |     33 |      0 |    709 |   4 |  265.2 |
       Dungeon |   1061 |   1028 |     33 |      0 |    709 |   4 |  265.2 |
               +--------+--------+--------+--------+--------+-----+--------+

Top non-repeatable levels by time:
     D:3: 616 daAuts
     D:2: 209 daAuts
     D:4: 123 daAuts
     D:1: 111 daAuts
